 Dungeon Crawl Stone Soup version 0.29-a0-355-g7276a9ff7f (webtiles) character file.

Game seed: 7614392780496652670

42 Lekart the Skirmisher (level 3, -1/33 HPs)
             Began as a Draconian Chaos Knight on Apr 25, 2022.
             Was a Plaything of Xom.
             Slain by Sigmund
             ... wielding a +0 scythe
              (5 damage)
             ... on level 1 of the Dungeon.
             The game lasted 00:01:38 (882 turns).

Lekart the Skirmisher (Draconian Chaos Knight)       Turns: 882, Time: 00:01:39

Health: -1/33      AC:  5    Str: 14    XL:     3   Next: 33%
Magic:  3/3        EV: 12    Int: 12    God:    Xom [*.....]
Gold:   50         SH:  0    Dex: 12    Spells: 2/2 levels left

rFire   . . .      SeeInvis .   a - +0 falchion (chaos)
rCold   . . .      Faith    .   (no shield)
rNeg    . . .      Spirit   .   (body armour unavailable)
rPois   .          Reflect  .   (helmet restricted)
rElec   .          Harm     .   (no cloak)
rCorr   .          Rampage  .   (no gloves)
Will    .....                   (no boots)
Stlth   +.........              (no amulet)
HPRegen 0.11/turn               (no ring)
MPRegen 0.08/turn               (no ring)

@: attractive, hasted, very quick
A: AC +5, unfitting armour, cold-blooded, wild magic 1
a: Renounce Religion


You were on level 1 of the Dungeon.
You worshipped Xom.
You were a special plaything of Xom.
You visited 1 branch of the dungeon, and saw 2 of its levels.

You collected 50 gold pieces.

Inventory:

Hand Weapons
 a - a +0 falchion of chaos (weapon)
Scrolls
 e - a scroll of vulnerability
Miscellaneous
 b - a piece from Xom's chessboard (15/15) (quivered)


   Skills:
 * Level 4.2 Fighting
 + Level 3.5 Long Blades
 + Level 2.3 Dodging


You had 2 spell levels left.
You didn't know any spells.
Your spell library contained the following spells:

 Spells                   Type           Power      Damage    Failure   Level
 Summon Small Mammal      Summ           0%         N/A       41%         1
 Iskenderun's Mystic Bla  Conj/Tloc      0%         2d3       98%         4
 Malign Gateway           Summ/Tloc      0%         N/A       100%        7
 Spellforged Servitor     Conj/Summ      0%         N/A       100%        7


Dungeon Overview and Level Annotations

Branches:
Dungeon (2/15)

Altars:

Annotations:
D:1 Sigmund


Innate Abilities, Weirdness & Mutations

Your plain brown scales are hard. (AC +5)
You cannot fit into any form of body armour.
You are cold-blooded and may be slowed by cold attacks.
Your spells are a little harder to cast, but a little more powerful.


Message History

Xom roars with laughter!
Sigmund points at you and mumbles some strange words.
You resist with significant effort.
You closely miss Sigmund.
Sigmund points at you and mumbles some strange words.
The puff of flame hits you.
* * * LOW HITPOINT WARNING * * *
As you read the scroll labelled JUAFEE ZELAF, it crumbles to dust.
It is a scroll of identify.
e - a scroll of vulnerability
As you read the scroll labelled ULOEM SIKKARRAHO, it crumbles to dust.
You feel aware of your surroundings.
It was a scroll of magic mapping.
Sigmund closely misses you.
Found a stone staircase leading up.
Sigmund is attracted toward you. The dart slug is attracted toward you.
The adder is attracted toward you. Sigmund closely misses you.
Sigmund is attracted toward you. The dart slug is attracted toward you.
The adder is attracted toward you. Sigmund is attracted toward you.
The dart slug is attracted toward you. The adder is attracted toward you.
Sigmund is attracted toward you. The dart slug is attracted toward you.
Sigmund hits you from afar with a +0 scythe.
* * * LOW HITPOINT WARNING * * *
Sigmund is attracted toward you. The dart slug is attracted toward you.
The adder is attracted toward you. Sigmund is attracted toward you.
The dart slug is attracted toward you. The adder is attracted toward you.
Sigmund casts a spell at you. You resist with significant effort.
Sigmund is attracted toward you. The adder is attracted toward you.
There is a stone staircase leading up here.
Sigmund hits you but does no damage. The dart slug is attracted toward you.
You climb upwards.
There is a stone staircase leading down here.
You aren't carrying any potions.
You hit Sigmund but do no damage.
Your tail-slap misses Sigmund.
You barely miss Sigmund. Sigmund looks at you with fury.
Sigmund hits you with a +0 scythe.
You die...
Xom thinks this is hilarious!

### ..# #.#
#.################
.†.............@@#
..##############.#
..# #########.#
..# #.......#.#
..# #.......#.#
..# #.......#.#
..# #.[.....#.#
..# #.......#.#
#.# #.......#.#


You could see Sigmund.

Vanquished Creatures
  A worm (D:2)
  A dart slug (D:1)
  An endoplasm (D:1)
  5 giant cockroaches
  A goblin (D:1)
  3 hobgoblins (D:1)
  2 quokkas (D:1)
  A ball python (D:2)
  4 bats (D:1)
  2 frilled lizards (D:1)
  2 kobolds (D:1)
  2 rats (D:1)
25 creatures vanquished.

Vanquished Creatures (collateral kills)
  An adder (D:2)
  A bat (D:2)
2 creatures vanquished.

Grand Total: 27 creatures vanquished

Notes
Turn   | Place    | Note
-------+----------+-------------------------------------------
     0 | D:1      | Lekart the Draconian Chaos Knight began the quest for the
                  | Orb.
     0 | D:1      | Reached XP level 1. HP: 19/19 MP: 1/1
   123 | D:1      | Got the Compendium of the Creative Traveller
   139 | D:1      | Reached XP level 2. HP: 27/27 MP: 2/2
   501 | D:1      | XOM: potion effect (brilliance)
   532 | D:1      | XOM: silly message
   601 | D:1      | Reached skill level 4 in Fighting
   736 | D:2      | XOM: butterfly on damage
   741 | D:2      | Reached XP level 3. HP: 23/33 MP: 3/3
   846 | D:2      | Noticed Sigmund
   850 | D:2      | XOM: cast spell 'Summon Ice Beast'
   863 | D:2      | XOM: divination: magic mapping
   868 | D:2      | Gained mutation: Your spells are a little harder to cast,
                  | but a little more powerful. [potion of mutation]
   882 | D:1      | Slain by Sigmund

Illustrated notes

Levels and vault maps discovered:
D:1:      minmay_arrival_jagged, layout_basic
D:2:      layout_loops_ring, basic_altar, minmay_surrounded,
          uniq_crazy_yiuf_cottage, uniq_jessica, uniq_sigmund

Skill      XL: |  1  2 |
---------------+-------+-----
Fighting       | 4 |  4.2
Long Blades    | |  3.5
Dodging        | |  2.3

Action                   || total
-------------------------++-------
Melee: Falchion          ||    78
       Tailslap          ||     6
  Use: Potion            ||     3
       Scroll            ||     2
Armor: Skin              ||    25
Dodge: Dodged            ||    63

Table legend: (Time is in decaauts)
 A = Elapsed time spent in this place.
 B = Non-inter-level travel time spent in this place.
 C = Inter-level travel time spent in this place.
 D = Time resting spent in this place.
 E = Time spent auto-exploring this place.
 F = Levels seen in this place.
 G = Mean time per level.
                   A        B        C        D        E       F      G
               +--------+--------+--------+--------+--------+-----+--------+
         Total |    887 |    866 |     21 |      0 |    674 |   2 |  443.5 |
       Dungeon |    887 |    866 |     21 |      0 |    674 |   2 |  443.5 |
               +--------+--------+--------+--------+--------+-----+--------+

Top non-repeatable levels by time:
     D:1: 739 daAuts
     D:2: 148 daAuts
